 Dungeon Crawl Stone Soup version 0.20.0-10-g0535bb4 (webtiles) character file.

124 Gorglomux the Insei (level 5, 0/36 HPs)
             Began as an Octopode Transmuter on June 4, 2017.
             Slain by an orc
             ... wielding a +0 club
              (6 damage)
             ... on level 3 of the Dungeon.
             The game lasted 00:02:52 (1764 turns).

Gorglomux the Insei (Octopode Transmuter)           Turns: 1764, Time: 00:02:52

Health: 0/36       AC:  1    Str:  9    XL:     5   Next: 8%
Magic:  8/8        EV: 13    Int: 17    God:
Gold:   104        SH:  0    Dex: 12    Spells: 2/8 levels left

rFire    . . .     SeeInvis .     - Unarmed
rCold    . . .     Gourm    .   (no shield)
rNeg     . . .     Faith    .   (helmet restricted)
rPois    .         Spirit   .   (no amulet)
rElec    .         Reflect  .   (no ring)
rCorr    .         Harm     .   (no ring)
MR       .....                  (no ring)
Stlth    ++........             (no ring)
Regen    0.2/turn               (no ring)
MPRegen  0.2/turn               (no ring)
                                (no ring)
                                (no ring)

@: no status effects
A: almost no armour, stealthy swim, amphibious, 8 rings, constrict 8, camouflage
1, gelatinous body 1
a: no special abilities


You were on level 3 of the Dungeon.
You were hungry.

You visited 1 branch of the dungeon, and saw 3 of its levels.

You collected 104 gold pieces.

Inventory:

Missiles
 a - 79 arrows
Scrolls
 B - 4 scrolls of teleportation {unknown}
 D - a scroll of noise {unknown}
 F - a scroll of immolation {unknown}
 K - a scroll of blinking {unknown}
 L - a scroll of fear {unknown}
 R - a scroll of identify
Potions
 A - 3 potions of mutation
 I - a potion of haste
 Q - 2 potions of curing
Books
 b - a book of Changes

   Spells                             Type                      Level
   a - Beastly Appendage              Transmutation                1
   b - Sticks to Snakes               Transmutation                2
   c - Spider Form                    Transmutation/Poison         3
   d - Ice Form                       Ice/Transmutation            4
   e - Blade Hands                    Transmutation                5
Comestibles
 c - a bread ration
 z - a meat ration
 G - a royal jelly
 S - 3 chunks of flesh


   Skills:
 - Level 3.1 Fighting
 + Level 2.3 Dodging
 + Level 4.4 Unarmed Combat
 - Level 2.0 Spellcasting
 - Level 2.0 Transmutations


You had 2 spell levels left.
You knew the following spells:

 Your Spells              Type           Power        Failure   Level  Hunger
a - Beastly Appendage     Tmut           #.....       9%          1    #......
b - Sticks to Snakes      Tmut           #.......     13%         2    ###....
c - Spider Form           Tmut/Pois      #.........   36%         3    ###....


Dungeon Overview and Level Annotations

Branches:
Dungeon (3/15)

Altars:


Innate Abilities, Weirdness & Mutations

You cannot wear most types of armour.
You are very stealthy in the water. (Stealth+)
You are amphibious.
You can wear up to eight rings at the same time.
You can use your tentacles to constrict eight enemies at once.
Your skin changes colour to match your surroundings (Stealth+).
Your rubbery body absorbs attacks. (AC +1, EV +1)


Message History

Your ball python grabs the orc.
Your ball python constricts the orc.
The orc struggles to escape constriction.
The orc closely misses your ball python.
Your ball python bites the orc but does no damage.
Your ball python constricts the orc.
The orc struggles to escape constriction.
Your ball python releases its grip on the orc.
You feel sick.
Your ball python closely misses the orc.
Your ball python grabs the orc.
Your ball python constricts the orc.
The orc struggles to escape constriction.
Your ball python releases its grip on the orc.
Found a stone staircase leading down and a stone staircase leading up.
You feel sick.
You are no longer poisoned.
There is a stone staircase leading down here.
A worm comes into view.
A rat comes into view.
The orc hits you with a club.
You die...

............##
..............#
...............#
...............#
...............### ###
....r............## #...
..................##.....
#..........%.............
##.......@...............
........o................
####.##o#####!....#...♣.♣
# ... #.# ###..........P(
##.#####w###..............
....................####.
##........w....)<..#
#..##.######..)..## ...
#># #..S...##


You could see 2 orcs and a rat.

Vanquished Creatures
  A hound zombie (D:3)
  A gnoll (D:1)
  3 adders
  2 oozes (D:1)
  2 worms
  A dart slug (D:2)
  4 leopard geckos
  An orc (D:3)
  2 giant cockroaches
  4 goblins
  7 hobgoblins
  2 jackals (D:2)
  3 kobolds
  A quokka (D:2)
  7 bats
  3 frilled lizards
  4 rats
48 creatures vanquished.

Vanquished Creatures (collateral kills)
  An adder (D:2)
  An orc (D:3)
  A bat (D:2)
3 creatures vanquished.

Grand Total: 51 creatures vanquished

Notes
Turn   | Place    | Note
-------+----------+-------------------------------------------
     0 | D:1      | Gorglomux the Octopode Transmuter began the quest for the Orb.
     0 | D:1      | Reached XP level 1. HP: 13/13 MP: 3/3
   200 | D:1      | Reached XP level 2. HP: 15/18 MP: 3/5
   403 | D:1      | Reached XP level 3. HP: 24/24 MP: 4/6
   753 | D:1      | Learned a level 2 spell: Sticks to Snakes
   757 | D:1      | Learned a level 3 spell: Spider Form
  1158 | D:2      | Reached XP level 4. HP: 27/30 MP: 7/7
  1332 | D:2      | Reached skill level 3 in Fighting
  1336 | D:2      | Reached skill level 4 in Unarmed Combat
  1735 | D:3      | Reached XP level 5. HP: 21/36 MP: 8/8
  1764 | D:3      | Slain by an orc

Skill      XL: |  1  2  3  4 |
---------------+-------------+-----
Fighting       | 2 3 |  3.1
Unarmed Combat | 4 |  4.4
Dodging        | |  2.3
Spellcasting   | |  2.0
Transmutations | |  2.0

Action                   |  1- 3 |  4- 6 || total
-------------------------+-------+-------++-------
Melee: Unarmed           |    76 |    40 ||   116
       Constrict         |    17 |    14 ||    31
       Kick              |    10 |       ||    10
       Tentacles         |     6 |     9 ||    15
       Punch             |     3 |       ||     3
 Cast: Beastly Appendage |    10 |       ||    10
       Spider Form       |     4 |       ||     4
       Sticks to Snakes  |       |     3 ||     3
  Use: Scroll            |     3 |       ||     3
       Potion            |       |     2 ||     2
 Stab: Sleeping          |     2 |     1 ||     3
  Eat: Chunk             |     1 |     2 ||     3
Armor: Skin              |     3 |     6 ||     9
Dodge: Dodged            |    48 |    57 ||   105
